 Dungeon Crawl Stone Soup version 0.25-a0-156-g0c4bda3fdf (webtiles) character file.

Game seed: 2456056274494613275, levelgen mode: deterministic

29 Leeroy the Slasher (level 3, -1/29 HPs)
             Began as a Draconian Skald on Nov 20, 2019.
             Slain by Natasha (2 damage)
             ... on level 1 of the Dungeon.
             The game lasted 00:02:21 (879 turns).

Leeroy the Slasher (Draconian Skald)                 Turns: 879, Time: 00:02:22

Health: -1/29      AC:  5    Str: 13    XL:     3   Next: 1%
Magic:  6/6        EV: 12    Int: 16    God:
Gold:   79         SH:  0    Dex: 11    Spells: 5/6 levels left

rFire    . . .     SeeInvis .   h - +0 great sword
rCold    . . .     Gourm    .   (shield currently unavailable)
rNeg     . . .     Faith    .   (armour unavailable)
rPois    .         Spirit   .   (helmet restricted)
rElec    .         Reflect  .   (no cloak)
rCorr    .         Harm     .   (no gloves)
MR       .....                  (no boots)
Stlth    +.........             (no amulet)
HPRegen  0.09/turn              g - +3 ring of intelligence
MPRegen  0.10/turn              (no ring)

@: infused, slowed, very slow
A: unfitting armour, cold-blooded, AC +5
a: no special abilities


You were on level 1 of the Dungeon.
You were not hungry.

You visited 1 branch of the dungeon, and saw 2 of its levels.

You collected 79 gold pieces.

Inventory:

Hand Weapons
 a - a +0 falchion
 h - a +0 great sword (weapon)
Jewellery
 g - a +3 ring of intelligence (left hand)
Scrolls
 b - a scroll of random uselessness
 e - 2 scrolls of identify
Comestibles
 c - 4 rations


   Skills:
 - Level 2.1 Fighting
 + Level 3.5 Long Blades
 - Level 2.1 Dodging
 - Level 2.0 Spellcasting
 - Level 2.6 Charms


You had 5 spell levels left.
You knew the following spells:

 Your Spells              Type           Power        Failure   Level  Hunger
a - Infusion              Chrm           ##..         7%          1    #......

Your spell library contained the following spells:

 Spells                   Type           Power        Failure   Level  Hunger
 Song of Slaying          Chrm           ##......     11%         2    ###....
 Shroud of Golubria       Chrm/Tloc      #.....       19%         2    ###....
 Regeneration             Chrm/Necr      #.........   34%         3    ###....
 Spectral Weapon          Hex/Chrm       #.......     34%         3    ###....


Dungeon Overview and Level Annotations

Branches:
Dungeon (2/15)

Altars:

Annotations:
D:1 Natasha


Innate Abilities, Weirdness & Mutations

Your plain brown scales are hard. (AC +5)
You cannot fit into any form of body armour.
You are cold-blooded and may be slowed by cold attacks.


Message History

Natasha claws you.
You climb upwards.
The shadow imp disappears in a puff of smoke!
There is a stone staircase leading down here.
Natasha claws you!
* * * LOW HITPOINT WARNING * * *
Okay, then.
It was a potion of curing.
You feel better. Natasha misses you.
You riposte.
You miss Natasha.
Natasha is moderately wounded.
As you read the scroll labeled ABRIOJ FUBBE, it crumbles to dust.
It is a scroll of identify.
b - a scroll of random uselessness Natasha claws you but does no damage. x2
As you read the scroll labeled YHOLYRCH FOTASAT, it crumbles to dust.
You feel momentarily disoriented.
It was a scroll of magic mapping.
Natasha claws you!
* * * LOW HITPOINT WARNING * * *
Natasha claws you.
You die...

########### #.........#
##.#.#.#.#.# #..........#
##.......#.# #..........#
##...>...#.#
##########..........###
#....h@...#..((...#....
##########..####.........####
#.........>.....#.#.#.#.## #
#.############.######.### #
#.#.........##.# #..# #
####'#.....†##.##.# ##.# #
#...........##.##.# #.## #
#...........##....# #..# ##
#........########## ##.## #.


You could see Natasha.

Vanquished Creatures
  A worm (D:2)
  A dart slug (D:1)
  2 giant cockroaches (D:1)
  7 goblins
  A hobgoblin (D:1)
  3 bats (D:1)
  4 frilled lizards (D:1)
  2 kobolds (D:1)
  3 rats (D:1)
24 creatures vanquished.

Notes
Turn   | Place    | Note
-------+----------+-------------------------------------------
     0 | D:1      | Leeroy the Draconian Skald began the quest for the Orb.
     0 | D:1      | Reached XP level 1. HP: 17/17 MP: 3/3
   125 | D:1      | Reached XP level 2. HP: 16/24 MP: 5/5
   241 | D:1      | Reached skill level 3 in Long Blades
   636 | D:2      | Reached XP level 3. HP: 24/29 MP: 6/6
   637 | D:2      | Noticed Natasha
   875 | D:1      | HP: 1/29 [Natasha (9)]
   879 | D:1      | Slain by Natasha

Levels and vault maps discovered:
D:1:      dpeg_arrival_subterranean_lakeside_camping, layout_basic, st_stairs_4,
          chequers_serial_rivers_micro_a
D:2:      layout_rooms, lemuel_doored_altar, kennysheep_generic_room_3,
          uniq_natasha, uniq_robin

Skill      XL: |  1  2 |
---------------+-------+-----
Long Blades    | 3 |  3.5
Fighting       | |  2.1
Dodging        | |  2.1
Spellcasting   | |  2.0
Charms         | |  2.6

Action                   || total
-------------------------++-------
Melee: Falchion          ||    52
       Tailslap          ||     5
       Great sword       ||    17
 Cast: Infusion          ||     1
  Use: Scroll            ||     2
       Potion            ||     1
Armor: Skin              ||    25
Dodge: Dodged            ||    55
       Rpst.: Falchion   ||    15
       Great sword       ||     2

Table legend:
 A = Non-vault XP
 B = Vault XP
 C = Vault XP percentage of total XP
 D = Non-vault monster count
 E = Vault monster count
 F = Vault count percentage of total count
                 A         B        C        D         E       F
            +---------+---------+-------+---------+---------+-------
      Total |      28 |      14 |  33.3 |      16 |       8 |  33.3
            +---------+---------+-------+---------+---------+-------
        D:1 |      21 |      14 |  40.0 |      14 |       8 |  36.4
        D:2 |       7 |       0 |   0.0 |       2 |       0 |   0.0
            +---------+---------+-------+---------+---------+-------
